 Dungeon Sprint DCSS version 0.21-a0-437-ge5bf024 (webtiles) character file.

0 theanonym the Skirmisher (level 1, -5/22 HPs)
             Began as a Gargoyle Berserker on Nov 9, 2017.
             Was a Follower of Trog.
             Slain by an orc warrior
             ... wielding a +0 hand axe
              (12 damage)
             ... in the Dungeon (Sprint VI: "Thunderdome").
             The game lasted 00:00:47 (52 turns).

theanonym the Skirmisher (Gargoyle Berserker)         Turns: 52, Time: 00:00:47

Health: -5/22      AC:  4    Str: 25    XL:     1   Next: 30%
Magic:  1/1        EV: 12    Int:  7    God:    Trog [*.....]
Gold:   200        SH:  0    Dex:  9    Spells: 0/0 levels left

rFire    . . .     SeeInvis .   a - +0 mace
rCold    . . .     Gourm    .   (no shield)
rNeg     + . .     Faith    .   i - +0 animal skin
rPois    ∞         Spirit   .   (no helmet)
rElec    +         Reflect  .   (no cloak)
rCorr    .         Harm     .   (no gloves)
MR       .....     NoTele   +   (no boots)
Stlth    ..........             (no amulet)
HPRegen  0.07/turn              (no ring)
MPRegen  0.07/turn              (no ring)

@: berserking, very quick
A: negative energy resistance 1, electricity resistance, unbreathing,
petrification resistance, rot immunity, AC +2
a: Berserk, Burn Spellbooks, Renounce Religion


Innate Abilities, Weirdness & Mutations

You are resistant to torment.
Your stone body is resilient. (AC +2)
You are immune to poison.
You resist negative energy. (rN+)
You are resistant to electric shocks. (rElec)
You can survive without breathing.
You are immune to petrification.
You are immune to rotting.


   Skills:
 + Level 3.6 Fighting
 * Level 3.6 Maces & Flails
 - Level 2.1 Armour
 - Level 1.5 Dodging


You couldn't memorise any spells.
You didn't know any spells.

Action                   || total
-------------------------++-------
Melee: Mace              ||     8
Invok: Berserk           ||     1
Armor: Animal skin       ||     5
Dodge: Dodged            ||    18

Inventory:

Hand Weapons
 a - a +0 mace (weapon)
Armour
 i - a +0 animal skin (worn)
Wands
 j - a wand of acid (5/15)
   (You found it in the Dungeon)
 k - a wand of iceblast (5/15)
   (You found it in the Dungeon)
Scrolls
 b - 4 scrolls of blinking
 f - 3 scrolls of fog {!r}
Potions
 d - a potion of curing
 e - a potion of resistance
 g - 2 potions of magic
 h - a potion of berserk rage
 l - 4 potions of haste
 q - 4 potions of heal wounds
Comestibles
 c - a bread ration

Dungeon Overview and Level Annotations

Branches:
Dungeon (1/1)

Altars:
Cheibriados
Dithmenos
Fedhas
Gozag
Kikubaaqudgha
Makhleb
Okawaru
Qazlal
Ru
Sif Muna
Trog
Uskayaw
Vehumet
Wu Jian
Xom
Yredelemnul
Zin
The Shining One
Beogh
Jiyva
Lugonu

Shops:
D *[%??*?*:[((!!!!   You were in the Dungeon.   You worshipped Trog.
Trog was aware of your devotion.   You were not hungry.   You visited 1 branch
You collected 200 gold pieces.


Message History

There is a staircase leading out of the dungeon here.
Wield which item (- for none, * to show all)? (? for menu, Esc to quit)
Okay, then.
Okay, then.
Unknown command.
Found an ornate altar of the Wu Jian Council and a roughly hewn altar of Beogh.
Found a viscous altar of Jiyva and an ancient bone altar of Kikubaaqudgha.
Get ready!
Found an iron altar of Okawaru.
Found Qianuz's Staff Store and Zoynet's Magic Scroll Shop.
Found two altars.
ROUND 1!
FIGHT!
Found Xedd's Must-Have Magic and Tyhyemp's Magic Scroll Shop.
Found a snail-covered altar of Cheibriados.
An orc comes into view. It is wielding a dagger.
An orc is nearby!
An orc is nearby!
An orc is nearby!
An orc is nearby!
An orc is nearby!
Unknown command.
Found Moyfro's Distillery and Uwuuduh's Distillery.
An orc warrior comes into view. It is wielding a hand axe.
The orc shouts!
The orc closely misses you.
Found a sacrificial altar of Ru.
Found an opulent altar of Gozag.
An orc comes into view.
Found Rirampaff's Bee Food and Ofreozxe's Identification Station.
Found three altars.
Found Kutt's Jewellery and Xyeloo's Advanced Armour.
The orc closely misses you. The orc closely misses you.
The orc hits you but does no damage. The orc closely misses you.
The orc misses you. The orc hits you with a dagger.
Found a blossoming altar of Fedhas.
You take 1 damage, and have 13/14 hp.
Found a glowing silver altar of Zin.
Found a burning altar of Makhleb.
Found Muluf's Premium Goods.
Found Qeodasin's Miscellaneous Merchandise and Reyky's Basic Armour.
An orc wizard comes into view. It is wielding a dagger.
The orc wizard shouts!
Found Raruts's Weapon Rack.
Found a basalt altar of Yredelemnul and a shimmering altar of Xom.
An orc comes into view. It is wielding a flail.
The orc completely misses you.
The orc wizard mumbles some strange words.
The orc wizard seems to speed up.
The orc shouts!
Found a bloodstained altar of Trog.
The orc wizard barely misses you. The orc hits you but does no damage.
Found a stormy altar of Qazlal.
Found a corrupted altar of Lugonu. 50...
The orc wizard barely misses you.
Found Saujett's Do-It-Yourself Clinic.
Found Kipsallu's Bottled Wisdom.
The orc wizard gestures wildly while chanting.
The orc wizard blinks!
There is a bloodstained altar of Trog here.
You offer a prayer to Trog.
Unknown command.
Press < or > to pray at altars.
You offer a prayer to Trog.
You offer a prayer to Trog.
Unknown command.
Press < or > to pray at altars.
Okay, then.
You hit the orc.
The orc wizard gestures wildly while chanting.
The orc wizard blinks!
The orc hits you with a dagger.
You take 1 damage, and have 12/14 hp.
You hit the orc. The orc closely misses you.
The orc hits you but does no damage. x2
You hit the orc.
You kill the orc!
Trog accepts your kill.
A red film seems to cover your vision as you go berserk!
You feel yourself moving faster!
You feel mighty!
You feel a lot more hungry. The orc warrior barely misses you.
The orc barely misses you.
You now have 19/22 hp.
You barely miss the orc warrior. The orc closely misses you.
The orc warrior hits you with a hand axe.
The orc barely misses you.
You take 4 damage, and have 15/22 hp.
You barely miss the orc warrior. The orc barely misses you.
The orc warrior barely misses you. The orc closely misses you.
You hit the orc warrior. You barely miss the orc warrior.
The orc barely misses you.
The orc warrior hits you with a hand axe!
* * * LOW HITPOINT WARNING * * *
The orc hits you but does no damage.
The orc wizard mumbles some strange words.
The orc wizard blinks!
You take 9 damage, and have 7/22 hp.
MASSIVE DAMAGE!!
You sock the orc warrior! The orc misses you.
The orc warrior hits you with a hand axe!
Ouch! That really hurt!
You die...

.......###......___∩#
.....8.# #.8........∩###
.......###.............#
....###...###..........⌠
....# #.<.# #..........⌠
....###...###..........⌠
.......###......o......#
.....8.# #.8...oo...∩#
_......###....§o@__∩#
##.8.........8.######
#⌠...........⌠#
###.........###
#_........# #_......._#
#_......._# #∩.......∩#
##∩.....∩##


You could see an orc warrior, an orc wizard and 2 orcs.

Notes
Turn   | Place    | Note
-------+----------+-------------------------------------------
     0 | D        | theanonym the Gargoyle Berserker began the quest for the Orb.
     0 | D        | Reached XP level 1. HP: 14/14 MP: 1/1
     1 | D        | Found an ornate altar of the Wu Jian Council.
     1 | D        | Found a roughly hewn altar of Beogh.
     2 | D        | Found a viscous altar of Jiyva.
     2 | D        | Found an ancient bone altar of Kikubaaqudgha.
     3 | D        | Found an iron altar of Okawaru.
     4 | D        | Found a glowing golden altar of the Shining One.
     4 | D        | Found a shadowy altar of Dithmenos.
     4 | D        | Found Qianuz's Staff Store.
     4 | D        | Found Zoynet's Magic Scroll Shop.
     5 | D        | Found a snail-covered altar of Cheibriados.
     5 | D        | Found Xedd's Must-Have Magic.
     5 | D        | Found Tyhyemp's Magic Scroll Shop.
     5 | D        | Round 1.
     9 | D        | Found Moyfro's Distillery.
     9 | D        | Found Uwuuduh's Distillery.
    10 | D        | Noticed an orc warrior
    17 | D        | Found a sacrificial altar of Ru.
    18 | D        | Found an opulent altar of Gozag.
    19 | D        | Found Rirampaff's Bee Food.
    19 | D        | Found a deep blue altar of Sif Muna.
    19 | D        | Found a radiant altar of Vehumet.
    19 | D        | Found a hide-covered altar of Uskayaw.
    19 | D        | Found Ofreozxe's Identification Station.
    20 | D        | Found Kutt's Jewellery.
    20 | D        | Found Xyeloo's Advanced Armour.
    27 | D        | Found a blossoming altar of Fedhas.
    28 | D        | Found a glowing silver altar of Zin.
    29 | D        | Found a burning altar of Makhleb.
    30 | D        | Found Muluf's Premium Goods.
    31 | D        | Found Qeodasin's Miscellaneous Merchandise.
    31 | D        | Found Reyky's Basic Armour.
    32 | D        | Found a basalt altar of Yredelemnul.
    32 | D        | Found a shimmering altar of Xom.
    32 | D        | Found Raruts's Weapon Rack.
    32 | D        | Noticed an orc wizard
    36 | D        | Found a bloodstained altar of Trog.
    37 | D        | Found a stormy altar of Qazlal.
    38 | D        | Found a corrupted altar of Lugonu.
    39 | D        | Found Saujett's Do-It-Yourself Clinic.
    40 | D        | Found Kipsallu's Bottled Wisdom.
    51 | D        | HP: 7/22 [orc warrior/hand axe (9)]
    52 | D        | Slain by an orc warrior

Vanquished Creatures
  An orc (D)
1 creature vanquished.
